 Dungeon Crawl Stone Soup version 0.27-a0-1248-g57ac2eb73c (webtiles) character file.

Game seed: 10022594789875100462

65127 27snakeeyes612 the Cleaver (level 15, -2/161 HPs)
             Began as an Ogre Fighter on June 10, 2021.
             Was the Champion of Okawaru.
             Killed from afar by an ice dragon (shapeshifter) (51 damage)
             ... with a blast of cold
             ... on level 13 of the Dungeon.
             The game lasted 00:30:10 (25735 turns).

27snakeeyes612 the Cleaver (Ogre Fighter)          Turns: 25735, Time: 00:30:11

Health: -2/161     AC:  8    Str: 29    XL:     15   Next: 15%
Magic:  21/21      EV: 15    Int:  9    God:    Okawaru [******]
Gold:   1267       SH: 11    Dex:  8    Spells: 14/14 levels left

rFire    . . .     SeeInvis .   Z - +7 demon trident (vamp)
rCold    . . .     Faith    .   c - +0 kite shield
rNeg     . . .     Spirit   .   C - +0 troll leather armour
rPois    .         Reflect  .   O - +2 hat {Will+}
rElec    .         Harm     .   f - +0 cloak {Will+}
rCorr    .         Rampage  .   (gloves unavailable)
Will     +++..                  (boots unavailable)
Stlth    +.........             E - amulet of the acrobat
HPRegen  1.36/turn              y - ring "Qeost" {Wiz Slay+3}
MPRegen  0.17/turn              U - +4 ring of evasion

@: studying Evocations
A: large, unfitting armour, tough skin 1
a: Renounce Religion, Heroism, Finesse


You were on level 13 of the Dungeon.
You worshipped Okawaru.
Okawaru was exalted by your worship.
You visited 3 branches of the dungeon, and saw 20 of its levels.
You also visited: Ice Cave.

You collected 1555 gold pieces.
You spent 288 gold pieces at shops.

Inventory:

Hand Weapons
 t - a +5 broad axe of freezing
 D - a +2 eveningstar of holy wrath
 Z - a +7 vampiric demon trident (weapon)
Missiles
 d - 58 poisoned darts
 K - 11 curare-tipped darts
 P - 12 atropa-tipped darts
Armour
 c - a +0 kite shield (worn)
 f - a +0 cloak of willpower (worn)
 C - a +0 troll leather armour (worn)
 O - a +2 hat of willpower (worn)
Jewellery
 b - an amulet of magic regeneration
 h - a ring of resist corrosion
 y - the ring "Qeost" (left hand) {Wiz Slay+3}
   (You acquired it on level 9 of the Dungeon)

   [ring of wizardry]

   It improves your spell success rate.
   It affects your accuracy and damage with ranged weapons and melee attacks
   (+3).
 B - a ring of wizardry
 E - an amulet of the acrobat (around neck)
 U - a +4 ring of evasion (right hand)
 Y - a +4 ring of evasion
Wands
 a - a wand of charming (12)
 I - a wand of paralysis (17) (quivered)
 Q - a wand of iceblast (9)
 S - a wand of flame (27)
 X - a wand of acid (8)
Scrolls
 j - 6 scrolls of amnesia
 q - a scroll of identify
 v - 4 scrolls of magic mapping
 w - 4 scrolls of teleportation
 x - 2 scrolls of summoning
 A - 4 scrolls of fog {unknown}
 G - 4 scrolls of enchant armour {unknown}
 L - 2 scrolls of blinking
 N - 2 scrolls of noise {unknown}
 T - a scroll of fear {unknown}
Potions
 e - 2 potions of invisibility
 g - a potion of berserk rage
 i - 2 potions of heal wounds
 k - 4 potions of lignification
 l - 6 potions of flight
 n - 3 potions of haste
 p - 3 potions of resistance
 r - 2 potions of might
 s - 3 potions of curing
 u - 2 potions of cancellation
 F - 2 potions of attraction
 H - a potion of brilliance
 W - a potion of mutation {unknown}
Miscellaneous
 J - a lightning rod (4/4)
 R - a box of beasts
 V - a tin of tremorstones (2/2)


   Skills:
 + Level 13.3 Fighting
 + Level 14.0(14.2) Axes
 + Level 3.1(9.1) Maces & Flails
 + Level 2.6(9.7) Polearms
 * Level 10.4 Throwing
 + Level 3.9 Armour
 + Level 8.7 Dodging
 - Level 2.3 Stealth
 + Level 8.2 Shields
 * Level 9.0 Invocations
 * Level 6.3 Evocations


You had 14 spell levels left.
You didn't know any spells.
Your spell library contained the following spells:

 Spells                   Type           Power      Damage    Failure   Level
 Animate Skeleton         Necr           0%         N/A       21%         1
 Apportation              Tloc           0%         N/A       21%         1
 Beastly Appendage        Tmut           0%         N/A       21%         1
 Corona                   Hex            0%         N/A       21%         1
 Sandblast                Erth           0%         2d4       21%         1
 Summon Small Mammal      Summ           0%         N/A       21%         1
 Corpse Rot               Necr/Air       N/A        N/A       32%         2
 Passwall                 Tmut/Erth      0%         N/A       32%         2
 Sublimation of Blood     Necr           0%         N/A       32%         2
 Wereblood                Tmut           0%         N/A       32%         2
 Lesser Beckoning         Tloc           0%         N/A       52%         3
 Spider Form              Tmut/Pois      0%         N/A       52%         3
 Stone Arrow              Conj/Erth      0%         3d7       52%         3
 Tukima's Dance           Hex            0%         N/A       52%         3
 Animate Dead             Necr           0%         N/A       88%         4
 Dispel Undead            Necr           0%         3d6       88%         4
 Ice Form                 Ice/Tmut       0%         N/A       88%         4
 Petrify                  Tmut/Erth      0%         N/A       88%         4
 Agony                    Necr           0%         N/A       99%         5
 Alistair's Intoxication  Tmut/Pois      0%         N/A       99%         5
 Borgnjor's Vile Clutch   Necr/Erth      0%         N/A       99%         5
 Excruciating Wounds      Necr           0%         N/A       99%         5
 Irradiate                Conj/Tmut      0%         3d13      99%         5
 Lee's Rapid Deconstruct  Erth           0%         3d5*      99%         5
 Blade Hands              Tmut           0%         N/A       100%        6
 Death Channel            Necr           0%         N/A       100%        6
 Invisibility             Hex            0%         N/A       100%        6
 Simulacrum               Ice/Necr       0%         N/A       100%        6
 Statue Form              Tmut/Erth      0%         N/A       100%        6
 Dragon Form              Tmut           0%         N/A       100%        7
 Storm Form               Tmut/Air       0%         N/A       100%        7


Dungeon Overview and Level Annotations

Branches:
Dungeon (13/15)            Temple (1/1) D:7            Lair (6/6) D:10
  Swamp (0/4) Lair:4        Snake (0/4) Lair:2        Slime (0/5) Lair:5
    Orc (0/2) D:9           IceCv (visited)
 Vaults: D:13-14

Altars:
Ashenzari
Cheibriados
Dithmenos
Elyvilon
Fedhas
Gozag
Hepliaklqana
Kikubaaqudgha
Makhleb
Nemelex Xobeh
Okawaru
Qazlal
Ru
Sif Muna
Trog
Uskayaw
Vehumet
Wu Jian
Xom
Yredelemnul
Zin
The Shining One
Jiyva

Shops:
D:2 =   D:11 !   D:13 [

Annotations:
D:4 3 runed translucent doors, Wyvric's ghost, amateur PaCK
D:6 1 runed translucent door, Glokmah's ghost, novice MfSu
D:11 3 runed translucent doors, celly00's ghost, journeyman DsMo
Lair:4 exclusion: 2 oklob plants


Innate Abilities, Weirdness & Mutations

You are too large for most types of armour.
You have tough skin. (AC +1)


Message History

The ice dragon breathes frost at you. The blast of cold hits you!!!
You hit the ice dragon but do no damage.
The ice dragon is moderately wounded.
You impale the ice dragon!!
You feel better.
The ice dragon is heavily wounded.
The ice dragon closely misses you.
The ice dragon claws you but does no damage.
You block the ice dragon's attack.
You closely miss the ice dragon.
The ice dragon is heavily wounded.
The ice dragon closely misses you. The ice dragon claws you!
You block the ice dragon's attack.
You barely miss the ice dragon.
The ice dragon is heavily wounded.
The ice dragon bites you! You block the ice dragon's attack.
The ice dragon tramples you!
You stumble backwards!
A fire crab comes into view.
The fire crab breathes flames at you.
You are too injured to fight recklessly!
You are too injured to fight recklessly!
You are too injured to fight recklessly!
You are too injured to fight recklessly!
You are too injured to fight recklessly!
You are too injured to fight recklessly!
You are too injured to fight recklessly!
You are too injured to fight recklessly!
You are too injured to fight recklessly!
Unknown command.
You hit the ice dragon.
You feel better.
The ice dragon is heavily wounded.
You are engulfed in blazing flames.
The ice dragon completely misses you. The ice dragon claws you!
The ice dragon barely misses you.
You impale the ice dragon!!
The ice dragon is almost dead.
You are engulfed in blazing flames.
* * * LOW HITPOINT WARNING * * *
The ice dragon breathes frost at you. The blast of cold hits you!!!
You die...

*,,,,,,*.........≈###....,,,,,,
*,,,,,,*.........≈.......*,,***
***,,,,,,##########≈....##,*,.#,*
,,*,,,,,>..........#....#,,*l.#,,
,,*,,,,,,.t○............####..###
,,*,,,,,,...○°°°°....#≈≈≈≈≈≈≈≈≈≈≈
,,*,,,,,,...°○○°....).....#..####
,,+,,,,,,....°°°.....)....'..#
,,*,,,,,,.......@D........#..####
***,,,,**#########'#......#..##..
*,,,,,,* #....'..#......#......
*,,,,,,* #....#..#......'......
*,,,,,,* #...##.##......#######
*,,,,,,****#...#########......#..
,,,,,^,*,,,#...........#....∩.#..
,,,,,,,*,,,#...........#......#..
,,,,,,,*+**#))######...#......##'


You could see an ice dragon (catching breath) and a fire crab.

Vanquished Creatures
  3 dire elephants (Lair:6)
  Snorg (Lair:3)
  9 hydras
  A boulder beetle (D:12)
  A catoblepas (Lair:5)
  5 centaur warriors
  8 two-headed ogres
  A death knight (D:13)
  2 death yaks (Lair:6)
  Urug (D:10)
  A spectral anaconda (Lair:6)
  An obsidian statue (Lair:6)
  3 necromancers (Lair:6)
  2 deep elf pyromancers (D:13)
  6 ugly things
  4 cyclopes
  A will-o-the-wisp (Lair:4)
  5 manticores
  8 black mambas
  10 elephants
  2 gargoyles
  2 ice statues (IceCv)
  Joseph (D:10)
  A dire elephant skeleton (Lair:6)
  11 cane toads
  3 rime drakes
  6 komodo dragons
  A freezing wraith (D:12)
  6 ice devils (IceCv)
  3 trolls
  2 polar bears
  3 blink frogs (Lair:4)
  5 slime creatures
  46 yaks
  A shadow (D:13)
  2 wyverns
  4 wraiths
  8 vampire mosquitoes
  A death yak simulacrum (Lair:6)
  3 basilisks
  2 steam dragons
  Edmund (D:6)
  2 spectral cane toads (Lair:6)
  11 water moccasins
  2 acid dragons
  2 sky beasts
  2 elephant zombies (Lair:6)
  An ice beast (D:8)
  5 black bears
  2 orc warriors
  2 ogres
  A necrophage (D:3)
  4 wolves (Lair:6)
  A phantom (D:6)
  6 centaurs
  2 elephant skeletons (Lair:6)
  3 kobold brigands
  12 bullfrogs
  A cane toad simulacrum (Lair:6)
  2 scorpions
  A water moccasin skeleton (D:4)
  An elephant simulacrum (Lair:6)
  9 killer bees
  An electric eel (Lair:1)
  8 wights
  A howler monkey (D:6)
  A crimson imp (D:5)
  2 centaur zombies
  5 hounds
  2 jellies
  A centaur skeleton (D:5)
  2 orc priests
  A bullfrog skeleton (D:5)
  3 iguanas
  4 orc wizards
  A killer bee zombie (D:7)
  A hound skeleton (D:4)
  3 howler monkey zombies
  6 gnolls
  9 adders
  10 white imps
  7 ufetubi (IceCv)
  2 adder skeletons
  A worm (D:5)
  3 dart slugs
  19 orcs
  9 ball pythons
  7 endoplasms
  2 giant cockroaches
  8 goblins
  5 hobgoblins
  7 jackals
  23 kobolds
  5 quokkas
  3 bats
  4 frilled lizards
  4 rats
429 creatures vanquished.

Vanquished Creatures (others)
  A reaper (IceCv)
  4 white imps (IceCv)
  5 ufetubi (IceCv)
  A jackal (D:3)
  2 foxfires (Lair:4)
  24 fungi
  29 plants
  9 withered plants (Lair:6)
75 creatures vanquished.

Grand Total: 504 creatures vanquished

Notes
Turn   | Place    | Note
-------+----------+-------------------------------------------
     0 | D:1      | 27snakeeyes612 the Ogre Fighter began the quest for the
                  | Orb.
     0 | D:1      | Reached XP level 1. HP: 24/24 MP: 1/1
   132 | D:1      | Reached XP level 2. HP: 21/33 MP: 2/2
   350 | D:1      | Reached XP level 3. HP: 36/41 MP: 3/3
   873 | D:2      | Found Ahos's Jewellery Boutique.
  1179 | D:2      | Reached XP level 4. HP: 49/49 MP: 4/4
  1758 | D:3      | Found a glowing silver altar of Zin.
  1759 | D:3      | Found a shimmering altar of Xom.
  1759 | D:3      | Found a hazy altar of Hepliaklqana.
  1760 | D:3      | Found a sacrificial altar of Ru.
  1772 | D:3      | Reached skill level 3 in Axes
  1889 | D:3      | Found a stormy altar of Qazlal.
  1980 | D:3      | Noticed a necrophage
  2177 | D:3      | Killed a necrophage
  2178 | D:3      | Reached skill level 5 in Fighting
  2178 | D:3      | Reached XP level 5. HP: 41/57 MP: 5/5
  2629 | D:4      | Found a runed translucent gate.
  2629 | D:4      | Found a runed translucent gate.
  2629 | D:4      | Found a runed translucent gate.
  2737 | D:4      | Noticed a black bear
  2746 | D:4      | HP: 2/57 [black bear (3)]
  2747 | D:4      | Killed a black bear
  2748 | D:4      | Reached skill level 4 in Axes
  2748 | D:4      | Reached XP level 6. HP: 2/66 MP: 6/6
  3370 | D:4      | Noticed a water moccasin
  3387 | D:4      | Killed a water moccasin
  3388 | D:4      | Reached XP level 7. HP: 40/74 MP: 7/7
  3961 | D:4      | Reached skill level 5 in Axes
  4314 | D:4      | Noticed Wyvric's ghost (amateur PaCK)
  4341 | D:4      | Identified the +2 ring mail "Wiukhloo" {Fly rPois}
  4495 | D:5      | Entered Level 5 of the Dungeon
  4611 | D:5      | Reached skill level 1 in Stealth
  5038 | D:5      | Reached XP level 8. HP: 84/84 MP: 8/8
  5210 | D:5      | Reached skill level 6 in Axes
  5649 | D:6      | Noticed Edmund
  5664 | D:6      | Killed Edmund
  5665 | D:6      | Reached skill level 1 in Throwing
  6093 | D:6      | Noticed Glokmah's ghost (novice MfSu)
  6205 | D:6      | Found a white marble altar of Elyvilon.
  6883 | D:6      | Reached skill level 7 in Axes
  7141 | D:6      | Found a runed translucent door.
  7276 | D:7      | Found a staircase to the Ecumenical Temple.
  7285 | Temple   | Entered the Ecumenical Temple
  7467 | Temple   | Became a worshipper of Warmaster Okawaru
  7643 | D:6      | Reached XP level 9. HP: 7/93 MP: 9/9
  8537 | D:7      | Reached skill level 5 in Dodging
  8964 | D:7      | Identified a scroll of acquirement
  8964 | D:7      | Acquired a +0 cloak of willpower
  9297 | D:7      | Found a shadowy altar of Dithmenos.
  9589 | D:7      | Identified the +2 scale mail "Juig" {rC- Regen+ Dex+2}
  9630 | D:7      | Reached skill level 5 in Shields
  9734 | D:7      | Reached * piety under Okawaru
  9751 | D:7      | Reached skill level 8 in Axes
 11217 | D:9      | Reached XP level 10. HP: 77/106 MP: 10/10
 11349 | D:8      | Reached skill level 1 in Evocations
 11801 | D:9      | Reached skill level 9 in Axes
 11809 | D:9      | Reached ** piety under Okawaru
 12197 | D:9      | Found a staircase to the Orcish Mines.
 12937 | D:10     | Entered Level 10 of the Dungeon
 12947 | D:9      | Reached skill level 5 in Throwing
 13560 | D:9      | Acquired the ring "Qeost" {Wiz Slay+3}
 13561 | D:9      | Acquired a +4 broad axe of freezing
 13634 | D:10     | Found a staircase to the Lair.
 13773 | D:10     | Noticed a two-headed ogre
 13784 | D:10     | Killed a two-headed ogre
 13784 | D:10     | Reached *** piety under Okawaru
 14100 | D:10     | Noticed a two-headed ogre
 14109 | D:10     | Killed a two-headed ogre
 14109 | D:10     | Reached **** piety under Okawaru
 14110 | D:10     | Reached skill level 10 in Axes
 14110 | D:10     | Reached XP level 11. HP: 117/117 MP: 11/11
 14186 | D:10     | Noticed Joseph
 14193 | D:10     | Killed Joseph
 14194 | D:10     | Reached skill level 10 in Fighting
 14581 | D:10     | Noticed Urug
 14614 | D:10     | Killed Urug
 14814 | D:10     | Found a burning altar of Makhleb.
 14952 | D:10     | Reached ***** piety under Okawaru
 15300 | D:11     | Noticed a two-headed ogre
 15307 | D:11     | Killed a two-headed ogre
 15308 | D:11     | Reached skill level 11 in Axes
 15448 | D:11     | Reached skill level 1 in Armour
 15493 | D:11     | Noticed a red ugly thing
 15503 | D:11     | Killed a red ugly thing
 15586 | D:11     | Found a runed translucent gate.
 15586 | D:11     | Found a runed translucent gate.
 15586 | D:11     | Found a runed translucent gate.
 15592 | D:11     | Reached skill level 1 in Invocations
 15622 | D:11     | Noticed celly00's ghost (journeyman DsMo)
 15735 | D:11     | Found Kouqylyp's Distillery.
 15738 | D:11     | Bought a potion of heal wounds for 80 gold pieces
 15738 | D:11     | Bought a potion of heal wounds for 80 gold pieces
 15738 | D:11     | Bought a potion of lignification for 48 gold pieces
 15738 | D:11     | Bought a potion of heal wounds for 80 gold pieces
 16192 | D:12     | Noticed a manticore
 16208 | D:11     | Received a gift from Okawaru
 16231 | D:12     | Killed a manticore
 16348 | D:12     | Noticed a two-headed ogre
 16348 | D:12     | Noticed a white ugly thing
 16355 | D:12     | Killed a two-headed ogre
 16358 | D:12     | Killed a white ugly thing
 16359 | D:12     | Noticed a two-headed ogre
 16365 | D:12     | Killed a two-headed ogre
 16365 | D:12     | Received a gift from Okawaru
 16366 | D:12     | Reached XP level 12. HP: 93/128 MP: 14/14
 16614 | D:12     | Noticed a seven-headed hydra
 16628 | D:11     | Killed a seven-headed hydra
 17205 | D:12     | Noticed a boulder beetle
 17217 | D:12     | Noticed a centaur warrior
 17260 | D:12     | Killed a boulder beetle
 17460 | D:12     | Reached skill level 12 in Axes
 17517 | D:12     | Killed a centaur warrior
 17728 | Lair:1   | Entered Level 1 of the Lair of Beasts
 17965 | Lair:1   | Reached skill level 5 in Invocations
 18290 | Lair:2   | Noticed an eight-headed hydra
 18299 | Lair:2   | Killed an eight-headed hydra
 18299 | Lair:2   | Received a gift from Okawaru
 18300 | Lair:2   | Reached skill level 1 in Maces & Flails
 18400 | Lair:2   | Found a staircase to the Snake Pit.
 18427 | Lair:2   | Reached XP level 13. HP: 125/139 MP: 15/17
 20179 | Lair:4   | Noticed Snorg
 20298 | Lair:3   | Killed Snorg
 20647 | Lair:4   | Found a staircase to the Swamp.
 20845 | Lair:4   | Found a snail-covered altar of Cheibriados.
 21548 | Lair:5   | Reached skill level 13 in Axes
 21647 | Lair:5   | Received a gift from Okawaru
 21934 | Lair:5   | Received a gift from Okawaru
 21996 | Lair:5   | Found a viscous altar of Jiyva.
 21997 | Lair:5   | Found a staircase to the Slime Pits.
 22350 | Lair:5   | Reached XP level 14. HP: 103/150 MP: 19/19
 22751 | Lair:6   | Entered Level 6 of the Lair of Beasts
 23218 | Lair:6   | Reached ****** piety under Okawaru
 23526 | Lair:6   | Noticed a dire elephant
 23528 | Lair:6   | Noticed a dire elephant
 23758 | Lair:6   | Noticed a dire elephant
 23767 | Lair:6   | Killed a dire elephant
 23842 | Lair:6   | Killed a dire elephant
 23843 | Lair:6   | Killed a dire elephant
 23849 | Lair:6   | Identified the +4 hand crossbow of Cirug {flame, rPois
                  | SInv}
 23966 | Lair:6   | Reached skill level 5 in Evocations
 24252 | D:13     | Reached skill level 10 in Throwing
 24341 | D:13     | Received a gift from Okawaru
 24358 | D:13     | Found Ocvotz's Armour Shoppe.
 24376 | D:13     | Found a frozen archway.
 24393 | IceCv    | Entered an ice cave
 24745 | IceCv    | Killed a reaper
 24948 | IceCv    | Identified the +6 rapier "Muucoj" {freeze, rElec rF+ Str-4
                  | Dex+4}
 25314 | D:13     | Reached skill level 14 in Axes
 25361 | D:13     | Reached skill level 1 in Polearms
 25361 | D:13     | Reached XP level 15. HP: 121/161 MP: 21/21
 25652 | D:13     | Received a gift from Okawaru
 25735 | D:13     | Killed from afar by an ice dragon (shapeshifter)

Illustrated notes

Levels and vault maps discovered:
D:1:      tarquinn_simple_flora_water_a, layout_basic, due_unseen_surprise
D:2:      layout_loops_ring, serial_shops, nicolae_shop_statue_plus,
          minmay_distorted
D:3:      layout_basic, grunt_qazlal_clouds,
          chequers_temple_overflow_statue_of_worship
D:4:      minmay_chambers_of_threes, layout_cave_pools,
          ebering_ghost_rock_garden, uniq_crazy_yiuf_cottage
D:5:      layout_gridville, cheibrodos_sewer_entry_bend, minmay_fire_ice_demons
D:6:      layout_loops_corners, elyvilon_altar_5, gammafunk_ghost_grave,
          uniq_edmund
D:7:      layout_basic, minmay_temple_entry_wispy, dk_noncrumbling_4,
          kennysheep_flooded_box
D:8:      layout_gridville
D:9:      layout_roguey, orc_0_dummy
D:10:     layout_basic, nicolae_overflow_hidden_temple,
          due_lair_maze_entry_diamond, uniq_urug, uniq_joseph
D:11:     layout_roguey, gammafunk_ghost_icy, serial_shops, kennysheep_mini
D:12:     layout_rooms, kennysheep_kite_vault
D:13:     cheibrodos_ideogram_h, layout_gridville, serial_shops, shop,
          portal_ice_cave_rime
Temple:   regret_index_temple_waves
Lair:1:   layout_misc_corridors, nicolae_quartered_pool_little
Lair:2:   layout_cave_shapes, guppyfry_snake_entry_garden, beast_lair_carwin_11,
          grunt_megastairs_1
Lair:3:   layout_cave_pods
Lair:4:   layout_gridlike, minmay_swamp_entry_wisps, basic_altar,
          lemuel_fruit_fields, minmay_lair_oklob_chamber, uniq_snorg
Lair:5:   layout_layer_cave, slime_altar_1, grunt_megastairs_2
Lair:6:   due_jungle_book, layout_regular_city

Skill      XL: |  1  2  3  4  5  6  7  8  9 10 11 12 13 14 15 |
---------------+----------------------------------------------+-----
Shields        | 3 4 5 6 7 8 |  8.2
Dodging        | 3 4 5 6 7 8 |  8.7
Axes           | 3 4 5 7 8 10 11 12 13 14 | 14.0
Fighting       | 5 6 7 8 9 10 11 12 13 | 13.3
Stealth        | 1 2 |  2.3
Throwing       | 2 4 5 7 8 9 10 | 10.4
Evocations     | 1 3 5 6 |  6.3
Armour         | 1 2 3 |  3.9
Invocations    | 3 5 7 8 9 |  9.0
Maces & Flails | 1 2 3 |  3.1
Polearms       | 1 2 |  2.6

Action                   |  1- 3 |  4- 6 |  7- 9 | 10-12 | 13-15 || total
-------------------------+-------+-------+-------+-------+-------++-------
Melee: War axe           |    82 |   140 |   373 |   111 |       ||   706
       Broad axe         |       |       |       |   291 |   471 ||   762
       Eveningstar       |       |       |       |    21 |    34 ||    55
       Demon trident     |       |       |       |       |    89 ||    89
Throw: Dart              |       |       |     8 |    20 |     4 ||    32
       Throwing net      |       |       |     1 |       |     1 ||     2
Invok: Heroism           |       |       |       |     1 |     3 ||     4
       Finesse           |       |       |       |     3 |     4 ||     7
Evoke: Wand              |       |       |    12 |     3 |     4 ||    19
       Lightning rod     |       |       |       |     4 |     4 ||     8
  Use: Potion            |       |     7 |     2 |     4 |     1 ||    14
       Scroll            |       |     4 |     5 |    15 |     4 ||    28
 Stab: Paralysed         |       |       |    15 |     9 |       ||    24
       Sleeping          |       |       |     1 |     2 |     1 ||     4
Armor: Robe              |    27 |    40 |    76 |    19 |       ||   162
       Troll leather arm |       |       |       |    81 |   118 ||   199
Dodge: Dodged            |    33 |    59 |   149 |   180 |   307 ||   728
Block: Kite shield       |    36 |    81 |   176 |   232 |   320 ||   845

Table legend: (Time is in decaauts)
 A = Elapsed time spent in this place.
 B = Non-inter-level travel time spent in this place.
 C = Inter-level travel time spent in this place.
 D = Time resting spent in this place.
 E = Time spent auto-exploring this place.
 F = Levels seen in this place.
 G = Mean time per level.
                   A        B        C        D        E       F      G
               +--------+--------+--------+--------+--------+-----+--------+
         Total |  26025 |  24696 |   1329 |   5910 |  14653 |  21 | 1239.3 |
       Dungeon |  18801 |  18001 |    800 |   5180 |   9913 |  13 | 1446.2 |
        Temple |    202 |    162 |     40 |      0 |    160 |   1 |  202.0 |
          Lair |   6214 |   5725 |    489 |    366 |   4390 |   6 | 1035.7 |
      Ice Cave |    806 |    806 |      0 |    364 |    190 |   1 |  806.0 |
               +--------+--------+--------+--------+--------+-----+--------+

Top non-repeatable levels by time:
     D:7: 2471 daAuts
     D:9: 2202 daAuts
     D:6: 2065 daAuts
     D:4: 1908 daAuts
    D:10: 1783 daAuts
  Lair:3: 1438 daAuts
    D:11: 1386 daAuts
     D:8: 1287 daAuts
  Lair:6: 1261 daAuts
  Lair:5: 1222 daAuts
     D:3: 1143 daAuts
    D:12: 1100 daAuts
     D:2: 967 daAuts
     D:1: 907 daAuts
     D:5: 872 daAuts
